 Dungeon Crawl Stone Soup version 0.28.0-53-g5a82cb258f (webtiles) character file.

Game seed: 12148712802771167948

1758 JacoesBerries the Destroyer (level 8, -6/42 HPs)
             Began as a Deep Elf Conjurer on Sept 27, 2022.
             Was an Initiate of Makhleb.
             Mangled by a killer bee (7 damage)
             ... on level 6 of the Dungeon on Oct 17, 2022.
             The game lasted 00:14:56 (9076 turns).

JacoesBerries the Destroyer (Deep Elf Conjurer)     Turns: 9076, Time: 00:14:57

Health: -6/42      AC:  4    Str:  4    XL:     8   Next: 79%
Magic:  3/22       EV: 17    Int: 26    God:    Makhleb [......]
Gold:   276        SH:  0    Dex: 13    Spells: 2/24 levels left

rFire   + . .      SeeInvis .   h - +0 short sword
rCold   + . .      Faith    .   (no shield)
rNeg    . . .      Spirit   .   a - +0 robe
rPois   +          Reflect  .   (no helmet)
rElec   +          Harm     .   f - +0 cloak
rCorr   +          Rampage  .   k - +0 pair of gloves
Will    .....                   (no boots)
Stlth   +++.......              t - amulet of the acrobat
HPRegen 0.14/turn               j - +4 ring of evasion
MPRegen 0.18/turn               (no ring)

@: lethally poisoned (-6 -> -19), resistant
A: no striking features
a: Renounce Religion


You were on level 6 of the Dungeon.
You worshipped Makhleb.
Makhleb was noncommittal.
You visited 2 branches of the dungeon, and saw 8 of its levels.

You collected 332 gold pieces.
You spent 56 gold pieces at shops.

Inventory:

Hand Weapons
 h - a +0 short sword (weapon)
Missiles
 r - 10 poisoned darts
 w - a throwing net
Armour
 a - a +0 robe (worn)
 f - a +0 cloak (worn)
 k - a +0 pair of gloves (worn)
 v - a +0 tower shield
Jewellery
 j - a +4 ring of evasion (left hand)
 t - an amulet of the acrobat (around neck)
Wands
 l - a wand of paralysis (7)
 x - a wand of polymorph (6)
Scrolls
 d - 2 scrolls of magic mapping
 g - 3 scrolls of identify
 i - a scroll of vulnerability {unknown}
 m - a scroll of summoning {unknown}
 n - 2 scrolls of teleportation
 o - a scroll of noise {unknown}
 p - a scroll of amnesia
Potions
 b - 4 potions of curing
 c - 2 potions of might
 e - a potion of brilliance
 q - a potion of resistance
 s - 3 potions of heal wounds
 u - a potion of ambrosia {unknown}
 z - a potion of mutation {unknown}


   Skills:
 + Level 0.3 Fighting
 + Level 0.4 Short Blades
 + Level 3.9 Dodging
 + Level 4.9 Stealth
 + Level 8.8 Spellcasting
 + Level 9.1 Conjurations
 + Level 1.7 Translocations
 + Level 0.9 Transmutations
 + Level 0.7 Fire Magic
 + Level 1.1 Air Magic
 + Level 2.5 Poison Magic


You had 2 spell levels left.
You knew the following spells:

 Your Spells              Type           Power      Damage    Failure   Level
a - Magic Dart            Conj           100%       1d8       1%          1
b - Searing Ray           Conj           100%       2d8       1%          2
c - Iskenderun's Mystic   Conj/Tloc      39%        2d9       5%          4
d - Fulminant Prism       Conj/Hex       17%        3d11      8%          4
e - Mephitic Cloud        Conj/Pois/Air  33%        N/A       2%          3
f - Ignite Poison         Fire/Tmut/Pois 18%        N/A       9%          3
g - Freezing Cloud        Conj/Ice/Air   14%        6-21      34%         5

Your spell library contained the following spells:

 Spells                   Type           Power      Damage    Failure   Level
 Dazzling Flash           Conj/Hex       70%        N/A       2%          3


Dungeon Overview and Level Annotations

Branches:
Dungeon (7/15)             Temple (1/1) D:6

Altars:
Ashenzari
Cheibriados
Dithmenos
Elyvilon
Fedhas
Gozag
Hepliaklqana
Kikubaaqudgha
Makhleb
Nemelex Xobeh
Okawaru
Qazlal
Ru
Trog
Uskayaw
Vehumet
Wu Jian
Xom
Yredelemnul
Zin
The Shining One

Shops:
D:1 ?


Message History

You feel sick. The killer bee misses you.
You miss the killer bee.
The killer bee is severely wounded.
You feel sick.
You are no longer poisoned.
The killer bee stings you but does no damage. x2
The killer bee completely misses you. The killer bee completely misses you.
A killer bee comes into view.
The killer bee closely misses you. The killer bee completely misses you.
The killer bee completely misses you. The killer bee closely misses you.
The killer bee misses you. The water moccasin closely misses you.
The killer bee stings you.
You are poisoned.
The killer bee poisons you!
You feel sick. The water moccasin closely misses you.
You feel sick. The killer bee completely misses you.
You feel sick.
There is a stone staircase leading up here.
You feel protected.
You feel sick. The killer bee completely misses you.
The water moccasin barely misses you. The killer bee barely misses you.
The killer bee completely misses you.
The water moccasin completely misses you.
You feel sick.
You are no longer poisoned.
The killer bee misses you. x2
The water moccasin bites you but does no damage.
The killer bee stings you. x2
You climb upwards.
There is a stone staircase leading down here.
You miss the killer bee. The killer bee stings you!
* * * LOW HITPOINT WARNING * * *
The killer bee misses you. The water moccasin bites you.
* * * LOW HITPOINT WARNING * * *
You are lethally poisoned!
The water moccasin poisons you! The killer bee stings you!
You die...

#.......# #.<...# #.#
#.##.##.# #.....# #.####
#.##.##.# ####### #....#
#.##....# ####.#
#.#####.# #.#
#.#####.###############.#
#.......##..............#
#######.##.#####.##.##.##
#.....y@##.##.##.#
####.##yS.....##.#
#>#####.#####.#
#.#####.#####.#
#.............#
###############


You could see a water moccasin and 2 killer bees.

Vanquished Creatures
  3 ice beasts
  A necrophage (D:6)
  An ogre (D:5)
  A phantom (D:5)
  A gnoll sergeant (D:6)
  3 scorpions
  A water moccasin zombie (D:6)
  A wyvern skeleton (D:6)
  3 water moccasin skeletons (D:6)
  A killer bee (D:7)
  A bullfrog zombie (D:5)
  A centaur zombie (D:5)
  2 bullfrog skeletons
  A hound (D:6)
  A jelly (D:5)
  A gnoll shaman (D:6)
  An orc priest (D:4)
  A centaur skeleton (D:6)
  3 iguanas
  Natasha (thrice) (D:4)
  A hound skeleton (D:4)
  A howler monkey skeleton (D:7)
  8 gnolls
  10 adders
  A white imp (D:4)
  An ufetubus (D:5)
  2 worms
  A dart slug (D:3)
  6 orcs
  3 ball pythons (D:1)
  5 bats
  5 endoplasms
  2 giant cockroaches
  3 hobgoblins
  8 jackals (D:3)
  7 kobolds
  3 quokkas
  3 frilled lizards
  2 goblins
  7 rats
110 creatures vanquished.

Notes
Turn   | Place    | Note
-------+----------+-------------------------------------------
     0 | D:1      | JacoesBerries the Deep Elf Conjurer began the quest for the
                  | Orb.
     0 | D:1      | Reached XP level 1. HP: 10/10 MP: 6/6
     6 | D:1      | You fall into a shaft and drop 1 floor!
   207 | D:2      | Reached XP level 2. HP: 15/15 MP: 2/8
   419 | D:2      | Reached skill level 5 in Conjurations
   643 | D:1      | Reached XP level 3. HP: 19/19 MP: 7/9
   646 | D:1      | Learned a level 2 spell: Searing Ray
   650 | D:1      | Learned a level 3 spell: Mephitic Cloud
   746 | D:1      | Found Rotal's Magic Scroll Shoppe.
   774 | D:1      | Bought a scroll of identify for 28 gold pieces
   774 | D:1      | Bought a scroll of identify for 28 gold pieces
  1835 | D:2      | Reached XP level 4. HP: 24/24 MP: 7/11
  2096 | D:2      | Learned a level 4 spell: Iskenderun's Mystic Blast
  2353 | D:3      | Reached skill level 6 in Conjurations
  2689 | D:3      | Found a blossoming altar of Fedhas.
  2810 | D:3      | Found an ancient bone altar of Kikubaaqudgha.
  2810 | D:3      | Found a faded altar of an unknown god.
  2818 | D:3      | Found a hazy altar of Hepliaklqana.
  2820 | D:3      | Found a sacrificial altar of Ru.
  2822 | D:3      | Found a faded altar of an unknown god.
  3004 | D:4      | Found a glowing golden altar of the Shining One.
  3072 | D:4      | Noticed Natasha
  3076 | D:4      | Killed Natasha
  3077 | D:4      | Reached XP level 5. HP: 28/28 MP: 9/13
  3082 | D:4      | Learned a level 4 spell: Fulminant Prism
  3109 | D:4      | Noticed Natasha
  3113 | D:4      | Killed Natasha
  3258 | D:4      | Reached skill level 5 in Spellcasting
  3875 | D:4      | Noticed Natasha
  3878 | D:4      | Killed Natasha
  3879 | D:4      | Reached XP level 6. HP: 32/32 MP: 6/15
  4045 | D:4      | Learned a level 3 spell: Mephitic Cloud
  4101 | D:5      | Entered Level 5 of the Dungeon
  4377 | D:5      | Reached skill level 7 in Conjurations
  4798 | D:5      | Learned a level 3 spell: Ignite Poison
  4815 | D:5      | Noticed an ice beast
  4826 | D:5      | Reached XP level 7. HP: 36/36 MP: 9/18
  5148 | D:5      | Reached skill level 1 in Translocations
  6454 | D:6      | Found an iron altar of Okawaru.
  6462 | D:6      | Reached skill level 8 in Conjurations
  6465 | D:6      | Reached skill level 1 in Poison Magic
  6923 | D:6      | Found a staircase to the Ecumenical Temple.
  6948 | D:6      | Reached XP level 8. HP: 7/42 MP: 2/21
  8089 | D:6      | Learned a level 5 spell: Freezing Cloud
  8460 | Temple   | Entered the Ecumenical Temple
  8671 | Temple   | Became a worshipper of Makhleb the Destroyer
  8763 | D:6      | Reached skill level 9 in Conjurations
  8763 | D:6      | Reached skill level 1 in Air Magic
  9076 | D:6      | HP: 1/42 [water moccasin (5)]
  9076 | D:6      | Mangled by a killer bee

Illustrated notes

Levels and vault maps discovered:
D:1:      dpeg_arrival_tiny_b, layout_basic, serial_shops,
          nicolae_shop_waterfront, serial_park_tiny_1, minmay_strange_pillars
D:2:      layout_basic
D:3:      layout_rooms, mainiacjoe_overflow_brackets,
          chequers_temple_overflow_minitemple
D:4:      layout_rooms, mainiacjoe_overflow_six_doors_small, uniq_natasha
D:5:      layout_rooms
D:6:      layout_loops_cross, okawaru_trees_1,
          minmay_temple_entry_statues_pillars
D:7:      layout_cave_pools, ebering_dispersal_statue_hall
Temple:   regret_index_temple_generic_petals

Skill      XL: |  1  2  3  4  5  6  7  8 |
---------------+-------------------------+-----
Conjurations   | 5 6 7 8 9 |  9.1
Stealth        | 3 4 |  4.9
Spellcasting   | 4 5 6 7 8 |  8.8
Translocations | 1 |  1.7
Dodging        | 3 |  3.9
Poison Magic   | 1 2 |  2.5
Air Magic      | 1 |  1.1
Fighting       | |  0.3
Short Blades   | |  0.4
Transmutations | |  0.9
Fire Magic     | |  0.7

Action                   |  1- 3 |  4- 6 |  7- 9 || total
-------------------------+-------+-------+-------++-------
Melee: Short sword       |       |     3 |     9 ||    12
 Cast: Magic Dart        |    65 |    52 |    32 ||   149
       Searing Ray       |       |    15 |    26 ||    41
       Iskenderun's Myst |       |     6 |    13 ||    19
       Mephitic Cloud    |       |     1 |     8 ||     9
       Ignite Poison     |       |     1 |     7 ||     8
  Use: Scroll            |     4 |     3 |     1 ||     8
       Potion            |     1 |       |     1 ||     2
 Stab: Sleeping          |       |     1 |     2 ||     3
Armor: Robe              |       |     2 |     9 ||    11
Dodge: Dodged            |       |    31 |    88 ||   119
